 Dungeon Crawl Stone Soup version 0.31.0-11-ge490571c62 (webtiles) character file.

Game seed: 3345298368860218990

7 Bravepunisher the Ducker (level 1, 0/11 HPs)
             Began as a Spriggan Monk on Jan 27, 2024.
             Slain by a killer bee (9 damage)
             ... on level 5 of the Dungeon.
             The game lasted 00:02:29 (475 turns).

Bravepunisher the Ducker (Spriggan Monk)             Turns: 475, Time: 00:02:29

Health: 0/11       AC:  2    Str:  7    XL:     1   Next: 91%
Magic:  2/2        EV: 19    Int: 11    God:
Gold:   5          SH:  0    Dex: 17    Spells: 0/0 levels left

rFire   . . .        a - +0 short sword
rCold   . . .        (no shield)
rNeg    . . .        b - +0 robe
rPois   .            (helmet restricted)
rElec   .            (no cloak)
rCorr   .            (gloves unavailable)
SInv    +            (boots unavailable)
Will    .....        (no amulet)
Stlth   ++           (no ring)
HPRegen 0.21/turn    (no ring)
MPRegen 0.08/turn

%: no passive effects
@: very quick
A: very small, no large weapons, unfitting armour, see invisible, speed 3
a: no special abilities


You were on level 5 of the Dungeon.
You visited 1 branch of the dungeon, and saw 5 of its levels.

You collected 5 gold pieces.

Inventory:

Hand Weapons
 a - a +0 short sword (weapon)
Armour
 b - a +0 robe (worn)
Potions
 c - a potion of ambrosia


   Skills:
 * Level 2.7 Fighting
 - Level 3.2 Short Blades
 + Level 4.2 Dodging


You couldn't memorise any spells.
You didn't know any spells.
Your spell library was empty.

Dungeon Overview and Level Annotations

Branches:
Dungeon (5/15)
 Temple: D:4-7

Altars:
Sif Muna

Annotations:
D:4 Edmund
D:5 Eustachio


Innate Abilities, Weirdness & Mutations

You are very small and have problems with some larger weapons.
You are too small for most types of armour.
You have supernaturally acute eyesight. (SInv)
You cover ground extremely quickly. (Speed+++)


Message History

Eustachio closely misses you.
Eustachio mumbles some strange words.
Eustachio gestures wildly while chanting.
Eustachio blinks!
There is a stone staircase leading down here.
Eustachio gestures wildly while chanting.
Eustachio blinks!
You climb downwards.
The rat disappears in a puff of smoke!
The quokka disappears in a puff of smoke!
Found 13 gold pieces.
There is a stone staircase leading up here.
Eustachio barely misses you.
An orc comes into view. It is wielding a +0 club.
The orc shouts!
Eustachio attacks as he pursues you!
Eustachio closely misses you. 3 killer bees and an orc come into view.
Found a mace.
The killer bee buzzes angrily. x2; You hear an angry buzzing noise.
The orc throws a boomerang.
The boomerang hits you but does no damage.
Found a bubbling amethyst potion.
The killer bee buzzes angrily.
The orc shouts!
The orc attacks as it pursues you!
The orc closely misses you. 2 killer bees come into view.
A killer bee comes into view.
Eustachio gestures wildly while chanting.
Eustachio blinks!
The killer bee buzzes angrily.
The killer bee barely misses you.
Eustachio mumbles some strange words.
The killer bee buzzes angrily.
The killer bee attacks as it pursues you!
The killer bee stings you. The killer bee barely misses you.
You open the door. The killer bee misses you.
The killer bee completely misses you. The killer bee misses you.
The killer bee stings you but does no damage.
Eustachio mumbles some strange words.
The killer bee attacks as it pursues you!
The killer bee stings you!
Ouch! That really hurt!
You die...

#.. ##.. ...###
###### #....#
##....# #....#
#.....# ....#
#.....#
#..#######....#
##@###...##....#
#.y.yb...##..<.#
#!..yo...@5....#
#.yo.....r.....#
#......5.##....#
##....$..#######
#)y......#
....y.....#
..........#


You could see Eustachio, 6 killer bees, an iron imp (summoned), 2 orcs, a quokka
(summoned) and a bat (summoned).

Vanquished Creatures
  A ball python (D:1)
  A hobgoblin (D:1)
  A jackal (D:4)
  A frilled lizard (D:1)
  2 kobolds (D:1)
  A rat (D:3)
7 creatures vanquished.

Notes
Turn   | Place    | Note
-------+----------+-------------------------------------------
     0 | D:1      | Bravepunisher the Spriggan Monk began the quest for the
                  | Orb.
     0 | D:1      | Reached XP level 1. HP: 11/11 MP: 2/2
    12 | D:1      | Noticed a four-headed hydra
    12 | D:1      | Noticed a lindwurm
    12 | D:1      | Noticed a black mamba
    12 | D:1      | Noticed a redback
    12 | D:1      | Noticed a wolf
   189 | D:1      | Found a faded altar of an unknown god.
   239 | D:4      | Noticed Edmund
   267 | D:4      | Noticed a phantom
   380 | D:4      | Found a shimmering blue altar of Sif Muna.
   380 | D:4      | Noticed a hound
   452 | D:4      | Noticed Eustachio
   453 | D:4      | Noticed a phantom
   463 | D:5      | Entered Level 5 of the Dungeon
   467 | D:5      | Noticed a killer bee
   467 | D:5      | Noticed a killer bee
   467 | D:5      | Noticed a killer bee
   471 | D:5      | Noticed a killer bee
   471 | D:5      | Noticed a killer bee
   471 | D:5      | Noticed a killer bee
   475 | D:5      | Noticed an iron imp
   475 | D:5      | Slain by a killer bee

Illustrated notes

Levels and vault maps discovered:
D:1:      onia_arrival_zoo_common, layout_basic, ebering_ecumenical_altar_box
D:2:      layout_loops_ring
D:3:      layout_loops_ring, minmay_pentomino_pile, uniq_crazy_yiuf_cottage
D:4:      layout_gridville, mainiacjoe_overflow_paths, uniq_eustachio,
          uniq_edmund
D:5:      layout_gridville, overflow_temple_1_default, uniq_prince_ribbit1,
          uniq_sigmund

Action                     || total
---------------------------++-------
  Melee: Short sword       ||    29
         Punch             ||     1
   Stab: Sleeping          ||     1
 Armour: Robe              ||    25
  Dodge: Dodged            ||    50
